 Dungeon Crawl Stone Soup version 0.22-a0-825-ga28c36f (webtiles) character file.

68 sking99 the Ruffian (level 4, 0/45 HPs)
             Began as a Troll Monk on July 24, 2018.
             Slain by a gnoll
             ... wielding a +0 halberd of freezing
              (3 damage)
             ... on level 2 of the Dungeon.
             The game lasted 00:01:49 (1012 turns).

sking99 the Ruffian (Troll Monk)                    Turns: 1012, Time: 00:01:50

Health: 0/45       AC:  5    Str: 19    XL:     4   Next: 1%
Magic:  3/3        EV: 10    Int:  7    God:
Gold:   54         SH:  0    Dex: 14    Spells: 3/3 levels left

rFire    . . .     SeeInvis .     - Unarmed
rCold    . . .     Gourm    +   (no shield)
rNeg     . . .     Faith    .   a - +0 robe
rPois    .         Spirit   .   (helmet restricted)
rElec    .         Reflect  .   (no cloak)
rCorr    .         Harm     .   (gloves unavailable)
MR       .....     Clarity  +   (boots unavailable)
Stlth    ++........             (no amulet)
HPRegen  0.55/turn              (no ring)
MPRegen  0.08/turn              (no ring)

@: no status effects
A: large, unfitting armour, claws 3, agile 1, clarity, fast metabolism 3,
gourmand, regeneration 1, shaggy fur 1, tough skin 2
a: no special abilities


You were on level 2 of the Dungeon.
You were very full.

You visited 1 branch of the dungeon, and saw 2 of its levels.

You collected 54 gold pieces.

Inventory:

Armour
 a - a +0 robe (worn)
Jewellery
 h - a cursed -3 ring of intelligence {unknown}
Scrolls
 d - a scroll of fear {unknown}
 e - a scroll of amnesia {unknown}
 f - a scroll of magic mapping {unknown}
 j - a scroll of blinking {unknown}
Potions
 c - a potion of heal wounds {unknown}
 i - a potion of lignification {unknown}
Comestibles
 b - 6 rations


   Skills:
 + Level 3.0 Fighting
 - Level 2.4 Dodging
 - Level 1.0 Stealth
 * Level 4.3 Unarmed Combat


You had 3 spell levels left.
You didn't know any spells.
Your spell library was empty.

Dungeon Overview and Level Annotations

Branches:
Dungeon (2/15)

Altars:


Innate Abilities, Weirdness & Mutations

You are too large for most types of armour.
You have claws for hands.
Your metabolism is lightning-fast.
You like to eat raw meat.
Your natural rate of healing is unusually fast.
You are covered in fur. (AC +1)
You have very tough skin. (AC +2)
You are agile. (Dex +2)
You possess an exceptional clarity of mind.


Message History

The gnoll hits you with a halberd of freezing.
* * * LOW HITPOINT WARNING * * *
The gnoll freezes you.
* * * LOW HITPOINT WARNING * * *
The gnoll hits you but does no damage.
You barely miss the gnoll.
The gnoll is moderately wounded.
The gnoll misses you.
You scratch the gnoll.
The gnoll is severely wounded.
The gnoll barely misses you. The gnoll misses you.
You scratch the gnoll but do no damage.
The gnoll is severely wounded.
The gnoll barely misses you.
You closely miss the gnoll.
The gnoll is severely wounded.
The gnoll hits you with a halberd of freezing!
* * * LOW HITPOINT WARNING * * *
The gnoll freezes you.
You die...

######### #........
##........
#######.........
#...............
#...#######.....
####..###.⌠.###....
#g@...##.....##....
#.g...#.......#....
#.....#.#...#.#.#..
#...#.#.......#...#
#...#.#.......#g.##
###...#.......#†.##
##..#.#...#)#....
#..#.......#..##
#.....g...))[##


You could see 2 gnolls.

Vanquished Creatures
  An orc priest (D:2)
  A gnoll (D:2)
  5 orcs (D:2)
  2 bats (D:1)
  2 giant cockroaches
  2 goblins (D:1)
  3 hobgoblins
  4 frilled lizards (D:1)
  2 kobolds
  4 rats
26 creatures vanquished.

Notes
Turn   | Place    | Note
-------+----------+-------------------------------------------
     0 | D:1      | sking99 the Troll Monk began the quest for the Orb.
     0 | D:1      | Reached XP level 1. HP: 22/22 MP: 0/0
   137 | D:1      | Reached XP level 2. HP: 29/29 MP: 1/1
   706 | D:2      | Reached skill level 4 in Unarmed Combat
   706 | D:2      | Reached XP level 3. HP: 25/36 MP: 2/2
   980 | D:2      | Reached XP level 4. HP: 34/45 MP: 3/3
  1007 | D:2      | Gained mutation: You are agile. (Dex +2) [potion of mutation]
  1007 | D:2      | Gained mutation: You possess an exceptional clarity of mind. [potion of mutation]
  1012 | D:2      | Slain by a gnoll

Vault maps used:
D:1:      wheals_arrival_shading, minmay_tetromino_s2
D:2:      cheibrodos_pilgrimage

Skill      XL: |  1  2  3 |
---------------+----------+-----
Unarmed Combat | 4 |  4.3
Fighting       | 3 |  3.0
Dodging        | |  2.4
Stealth        | |  1.0

Action                   |  1- 3 |  4- 6 || total
-------------------------+-------+-------++-------
Melee: Unarmed           |    66 |     6 ||    72
  Use: Potion            |       |     1 ||     1
 Stab: Sleeping          |     3 |       ||     3
  Eat: Chunk             |    13 |       ||    13
Armor: Robe              |    16 |     1 ||    17
Dodge: Dodged            |    32 |     9 ||    41

Table legend:
 A = Spawn XP
 B = Non-spawn XP
 C = Spawn XP percentage of total XP
 D = Spawn monster count
 E = Non-spawn monster count
 F = Spawn count percentage of total count
 G = Total turns spent on level
                    A         B        C        D         E        F      G
               +---------+---------+-------+---------+---------+-------+---------
         Total |       0 |      98 |   0.0 |       0 |      26 |   0.0 |  1012
               +---------+---------+-------+---------+---------+-------+---------
           D:1 |       0 |      22 |   0.0 |       0 |      15 |   0.0 |   676
           D:2 |       0 |      76 |   0.0 |       0 |      11 |   0.0 |   336
               +---------+---------+-------+---------+---------+-------+---------
